 Dungeon Crawl Stone Soup version 0.17.0-7-gfadd4cc (webtiles) character file.

3193 MTVSty1e the Blocker (level 9, -1/77 (78) HPs)
             Began as a Minotaur Fighter on Nov 7, 2015.
             Was a Follower of Okawaru.
             Slain by a two-headed ogre
             ... wielding a +0 giant spiked club
              (9 damage)
             ... on level 8 of the Dungeon on Nov 8, 2015.
             The game lasted 00:49:38 (6506 turns).

MTVSty1e the Blocker (Minotaur Fighter)             Turns: 6506, Time: 00:49:38

HP:   -1/77 (78)    AC: 19    Str: 24    XL:     9   Next: 64%
MP:   8/8           EV:  7    Int:  5    God:    Okawaru [*.....]
Gold: 310           SH: 12    Dex: 10    Spells: 0 memorised, 8 levels left

rFire  . . .     SeeInvis .     H - +3 flail (crush)
rCold  . . .     Clarity  .     i - +0 plate armour
rNeg   . . .     SustAt   .     b - +0 shield
rPois  .         Gourm    .     (helmet restricted)
rElec  .         Spirit   .     (no cloak)
rCorr  .         Warding  .     (no gloves)
rMut   .         Stasis   .     j - +0 pair of boots
MR     .....                    E - amulet of inaccuracy
Stlth  ..........               (no ring)
                                p - +4 ring of protection

@: not resistant to hostile enchantments, extremely unstealthy
A: retaliatory headbutt, horns 2
a: Heroism, Renounce Religion


You were on level 8 of the Dungeon.
You worshipped Okawaru.
Okawaru was aware of your devotion.
You were not hungry.

You visited 2 branches of the dungeon, and saw 8 of its levels.

You collected 310 gold pieces.

Inventory:

Hand Weapons
 c - a cursed -1 mace
 d - a +1 dagger of draining
 e - a +2 scimitar
 f - a cursed -3 hunting sling
 g - a +0 spear
 D - a -1 hand axe
 H - a +3 flail of crushing (weapon)
 J - a +0 scythe
Missiles
 u - 4 javelins (quivered)
Armour
 b - a +0 shield (worn)
 i - a +0 plate armour (worn)
 j - a +0 pair of boots (worn)
 n - a +0 ring mail of magic resistance
 y - a +0 scale mail
 F - a +0 chain mail
Jewellery
 p - a +4 ring of protection (left hand)
 E - an amulet of inaccuracy (around neck)
Wands
 a - a wand of fireball (5) {a}
 B - a wand of fire (0)
Scrolls
 h - a scroll of recharging
 m - a scroll of blinking
 o - a scroll of magic mapping
 v - 2 scrolls of remove curse
 z - 3 scrolls of random uselessness {unknown}
 A - a scroll of teleportation {unknown}
 C - a scroll of noise {unknown}
 I - a scroll of fear {unknown}
 K - a scroll of immolation {unknown}
 L - a scroll of identify
Potions
 s - a potion of cancellation
 w - 2 potions of curing {unknown}
Comestibles
 k - 8 fruits
 l - a beef jerky
 t - a bread ration


   Skills:
 + Level 6.6 Fighting
 + Level 2.5 Short Blades
 + Level 4.4 Maces & Flails
 + Level 1.0 Polearms
 + Level 9.0 Armour
 + Level 3.2 Dodging
 + Level 0.5 Stealth
 + Level 11.2 Shields
 + Level 2.1 Unarmed Combat
 + Level 0.1 Evocations


You had 8 spell levels left.
You didn't know any spells.

Dungeon Overview and Level Annotations

Branches:
Dungeon (8/15)             Temple (1/1) D:7
   Lair: D:8-11

Altars:
Ashenzari
Dithmenos
Fedhas
Gozag
Kikubaaqudgha
Makhleb
Okawaru
Sif Muna
Trog
Xom
Yredelemnul
The Shining One

Shops:
D:7 (


Innate Abilities, Weirdness & Mutations

You reflexively headbutt those who attack you in melee.
You have a pair of horns on your head.


Message History

The two-headed ogre hits you with a giant spiked club!
You block the two-headed ogre's attack.
The two-headed ogre hits you with a giant spiked club!
The two-headed ogre hits you with a giant club.
The two-headed ogre barely misses you.
The two-headed ogre hits you but does no damage.
You block the two-headed ogre's attack. x2
The two-headed ogre hits you with a giant spiked club!
* * * LOW HITPOINT WARNING * * *
The two-headed ogre hits you with a giant club.
* * * LOW HITPOINT WARNING * * *
The two-headed ogre closely misses you. You furiously retaliate!
You headbutt the two-headed ogre.
The two-headed ogre hits you with a giant club!
* * * LOW HITPOINT WARNING * * *
The two-headed ogre barely misses you.
The two-headed ogre hits you with a giant club.
* * * LOW HITPOINT WARNING * * *
The two-headed ogre hits you with a giant spiked club!
You die...

.....## ....... ......
#.... #.... #....
###....#################
.......<.)()รท(..@O......
###.....################
+...... #.......
#....###. #.... .. #...F
.. #...# ..


You could see a two-headed ogre.

Vanquished Creatures
  Joseph (D:8)
  Sigmund (D:6)
  A wraith (D:7)
  A hippogriff (D:7)
  A water moccasin (D:7)
  2 necrophages (D:7)
  2 ice beasts (D:5)
  2 sky beasts
  2 centaurs
  5 giant frogs
  7 killer bees
  3 wights (D:7)
  A crimson imp (D:6)
  A hound (D:7)
  A quasit (D:7)
  A giant frog zombie (D:5)
  4 human zombies (D:7)
  An iron imp (D:6)
  A jelly (D:7)
  A centaur zombie (D:7)
  An iguana (D:6)
  An orc priest (D:7)
  A giant frog skeleton (D:6)
  A human skeleton (D:7)
  Jessica (D:2)
  A gnoll shaman (D:7)
  2 orc wizards (D:7)
  5 worker ants
  A mummy (D:7)
  6 adders
  6 gnolls (D:7)
  A shadow imp (D:5)
  2 oozes
  2 worms (D:2)
  2 giant geckos (D:3)
  13 orcs
  A ball python (D:7)
  3 giant cockroaches
  7 hobgoblins
  6 jackals
  5 kobolds
  3 quokkas
  A bat (D:3)
  A giant cockroach zombie (D:5)
  A giant newt (D:2)
  8 goblins
  A goblin skeleton (D:6)
  4 goblin zombies (D:6)
  3 hobgoblin zombies (D:6)
  A kobold skeleton (D:6)
  6 rats
  A spectral orc (D:7)
137 creatures vanquished.

Notes
Turn   | Place    | Note
--------------------------------------------------------------
     0 | D:1      | MTVSty1e the Minotaur Fighter began the quest for the Orb.
     0 | D:1      | Reached XP level 1. HP: 19/19 MP: 0/0
   303 | D:1      | Reached XP level 2. HP: 24/27 MP: 1/1
   516 | D:1      | Reached skill level 4 in Fighting
   976 | D:2      | Found an opulent altar of Gozag.
  1062 | D:2      | Reached XP level 3. HP: 25/33 MP: 2/2
  1293 | D:2      | Noticed Jessica
  1315 | D:2      | Killed Jessica
  1406 | D:2      | Reached XP level 4. HP: 41/41 MP: 3/3
  1810 | D:2      | Reached skill level 1 in Polearms
  2133 | D:3      | Found a glowing golden altar of the Shining One.
  2453 | D:3      | Reached XP level 5. HP: 45/47 MP: 4/4
  2786 | D:3      | You fall through a shaft for 2 floors!
  2786 | D:5      | Entered Level 5 of the Dungeon
  2798 | D:5      | Noticed a sky beast
  2824 | D:5      | Killed a sky beast
  2824 | D:5      | Reached skill level 5 in Fighting
  2824 | D:5      | Reached skill level 1 in Short Blades
  2824 | D:5      | Reached skill level 5 in Armour
  2824 | D:5      | Reached skill level 5 in Shields
  2921 | D:5      | Found a bloodstained altar of Trog.
  3012 | D:5      | Reached XP level 6. HP: 50/56 MP: 5/5
  3103 | D:5      | Noticed an ice beast
  3122 | D:5      | Killed an ice beast
  3122 | D:5      | Reached skill level 6 in Shields
  3152 | D:5      | Found a shattered altar of Ashenzari.
  3396 | D:5      | Noticed an ice beast
  3417 | D:5      | Killed an ice beast
  3417 | D:5      | Reached skill level 1 in Dodging
  3741 | D:6      | Reached XP level 7. HP: 38/61 MP: 6/6
  3845 | D:6      | Reached skill level 7 in Shields
  3889 | D:6      | Noticed Sigmund
  3922 | D:6      | Killed Sigmund
  4001 | D:6      | Found a glowing golden altar of the Shining One.
  4558 | D:7      | Reached skill level 8 in Shields
  4567 | D:7      | Reached XP level 8. HP: 61/69 MP: 7/7
  4668 | D:7      | Found a basalt altar of Yredelemnul.
  4740 | D:7      | Reached skill level 1 in Maces & Flails
  4744 | D:7      | HP: 3/69 [poisoned by a killer bee]
  5008 | D:7      | Reached skill level 9 in Shields
  5206 | D:7      | Upgraded the game from 0.17.0-1-g61d176b to 0.17.0-7-gfadd4cc
  5340 | D:7      | Found a staircase to the Ecumenical Temple.
  5362 | Temple   | Entered the Ecumenical Temple
  5408 | Temple   | Became a worshipper of Warmaster Okawaru
  5423 | D:7      | Found Noutoteg's Weapon Shop.
  5930 | D:7      | Reached skill level 10 in Shields
  5930 | D:7      | Reached XP level 9. HP: 75/75 MP: 8/8
  5991 | D:7      | Noticed a wraith
  6006 | D:7      | Killed a wraith
  6022 | D:7      | Reached * piety under Okawaru
  6030 | D:7      | Found an ancient bone altar of Kikubaaqudgha.
  6225 | D:8      | Noticed Joseph
  6270 | D:8      | Killed Joseph
  6270 | D:8      | Reached skill level 11 in Shields
  6506 | D:8      | Slain by a two-headed ogre

Action                   |  1- 3 |  4- 6 |  7- 9 || total
-------------------------+-------+-------+-------++-------
Melee: Spear             |    83 |       |       ||    83
       Dagger            |     9 |   154 |       ||   163
       Flail             |       |    23 |   355 ||   378
Evoke: Wand              |       |       |     2 ||     2
  Use: Scroll            |     2 |     3 |       ||     5
       Potion            |       |       |    11 ||    11
  Eat: Bread ration      |     1 |     1 |     1 ||     3
       Royal jelly       |       |       |     1 ||     1
       Fruit             |       |       |     1 ||     1
       Meat ration       |       |       |     1 ||     1
